 Dungeon Crawl Stone Soup version 0.27.0-1-g7a089689b8 (webtiles) character file.

Game seed: 12849428560850188714

39 tilp the Skirmisher (level 3, 0/29 HPs)
             Began as a Formicid Warper on Aug 3, 2021.
             Slain by an adder (2 damage)
             ... on level 2 of the Dungeon.
             The game lasted 00:03:27 (1908 turns).

tilp the Skirmisher (Formicid Warper)               Turns: 1908, Time: 00:03:27

Health: 0/29       AC:  3    Str: 16    XL:     3   Next: 70%
Magic:  6/6        EV: 11    Int: 18    God:
Gold:   67         SH:  0    Dex: 10    Spells: 6/6 levels left

rFire    . . .     SeeInvis +   a - +1 hand axe
rCold    . . .     Faith    .   (no shield)
rNeg     . . .     Spirit   .   b - +0 leather armour
rPois    .         Reflect  .   (helmet unavailable)
rElec    .         Harm     .   (no cloak)
rCorr    .         Rampage  .   (no gloves)
Will     .....                  (no boots)
Stlth    +.........             g - amulet of the acrobat
HPRegen  0.09/turn              f - +6 ring of intelligence
MPRegen  0.10/turn              (no ring)

@: no status effects
A: permanent stasis, dig shafts and tunnels, antennae 3, four strong arms
a: Dig, Shaft Self


You were on level 2 of the Dungeon.
You visited 1 branch of the dungeon, and saw 2 of its levels.

You collected 67 gold pieces.

Inventory:

Hand Weapons
 a - a +1 hand axe (weapon)
 d - a +2 short sword of holy wrath
Missiles
 c - 4 boomerangs of dispersal (quivered)
Armour
 b - a +0 leather armour (worn)
Jewellery
 f - a +6 ring of intelligence (left hand)
 g - an amulet of the acrobat (around neck)


   Skills:
 + Level 3.0 Fighting
 - Level 2.0(2.5) Axes
 * Level 2.3(2.7) Maces & Flails
 - Level 1.0 Throwing
 - Level 1.1 Armour
 - Level 1.7 Dodging
 - Level 2.1 Spellcasting
 - Level 2.6 Translocations


You had 6 spell levels left.
You didn't know any spells.
Your spell library contained the following spells:

 Spells                   Type           Power      Damage    Failure   Level
 Gell's Gravitas          Tloc           5%         N/A       22%         3
 Lesser Beckoning         Tloc           5%         N/A       22%         3
 Teleport Other           Tloc           11%        N/A       22%         3
 Manifold Assault         Tloc           11%        N/A       90%         5
 Blink                    Tloc           Unusable   N/A       N/A         2

Dungeon Overview and Level Annotations

Branches:
Dungeon (2/15)

Altars:


Innate Abilities, Weirdness & Mutations

You cannot be hasted, slowed, berserked, paralysed or teleported.
You can dig through walls and to a lower floor.
You have a pair of large antennae on your head. (SInv)
Your four strong arms can wield two-handed weapons with a shield.


Message History

Unknown command.
You hit the adder but do no damage.
The adder is lightly wounded.
You feel sick. The adder barely misses you.
You barely miss the adder.
The adder is lightly wounded.
You feel sick. The adder bites you but does no damage.
The adder barely misses you.
You closely miss the adder.
The adder is lightly wounded.
You feel sick. The adder bites you.
* * * LOW HITPOINT WARNING * * *
You are more poisoned.
The adder poisons you!
You miss the adder.
The adder is lightly wounded.
* * * LOW HITPOINT WARNING * * *
You feel very sick. The adder barely misses you.
The adder bites you but does no damage.
Unknown command.
You miss the adder.
You feel sick. The adder bites you but does no damage.
Unknown command.
It was a potion of haste.
Your stasis prevents you from being hasted.
* * * LOW HITPOINT WARNING * * *
You feel sick. The adder bites you but does no damage.
The adder closely misses you.
Unknown command.
You closely miss the adder.
You feel sick. The adder misses you.
You closely miss the adder.
You feel sick. The adder barely misses you. The adder misses you.
You hit the adder.
The adder is heavily wounded.
You feel sick. The adder closely misses you.
You closely miss the adder.
The adder is heavily wounded.
You feel sick.
You are no longer poisoned.
The adder bites you.
You die...

##+##+## .......
###......... ....... #.
#.+......... .......
.#...#.#...$....###......
..g.S....# #+#..#.+......
.###.###.# #.#..#.#......
#..g# #.#..#........
#.#S# #....#........
...#@###....##.######
###.#......#....######
#.##.##.###.........
........##.###.........
.....##..#.##..........
..... ##.#.##..........
... .#.##.........# ..
...#####).....# .
#.............#


You could see an adder and a goblin.

Vanquished Creatures
  An adder (D:2)
  A dart slug (D:1)
  A ball python (D:1)
  4 endoplasms
  2 giant cockroaches (D:1)
  2 goblins
  5 hobgoblins
  4 bats
  2 kobolds (D:1)
  5 rats (D:1)
27 creatures vanquished.

Notes
Turn   | Place    | Note
-------+----------+-------------------------------------------
     0 | D:1      | tilp the Formicid Warper began the quest for the Orb.
     0 | D:1      | Reached XP level 1. HP: 16/16 MP: 3/3
   357 | D:1      | Reached XP level 2. HP: 18/23 MP: 5/5
   452 | D:1      | Reached skill level 1 in Maces & Flails
  1207 | D:1      | Reached XP level 3. HP: 28/28 MP: 6/6
  1553 | D:2      | Reached skill level 3 in Fighting
  1908 | D:2      | Slain by an adder

Illustrated notes

Levels and vault maps discovered:
D:1:      scummos_arrival_hexagon, layout_loops_ring, minmay_misc_feat_rugged
D:2:      layout_basic, minmay_pentomino_pile, uniq_sigmund

Skill      XL: |  1  2  3 |
---------------+----------+-----
Maces & Flails | 1 2 |  2.3
Fighting       | 3 |  3.0
Axes           | |  2.0
Throwing       | |  1.0
Armour         | |  1.1
Dodging        | |  1.7
Spellcasting   | |  2.1
Translocations | |  2.6

Action                   || total
-------------------------++-------
Melee: Hand axe          ||    86
Throw: Boomerang         ||     1
  Use: Scroll            ||     2
       Potion            ||     1
Armor: Leather armour    ||    24
Dodge: Dodged            ||    63
